 Dungeon Crawl Stone Soup version 0.16.2-14-g7133f4a77c (webtiles) character file.

1089 faibistes the Thaumaturge (level 8, -1/41 HPs)
             Began as a Deep Elf Wizard on Sept 17, 2021.
             Was a Follower of Sif Muna.
             Killed from afar by an electric eel (12 damage)
             ... with a bolt of electricity
             ... on level 6 of the Dungeon.
             The game lasted 00:15:45 (6558 turns).

faibistes the Thaumaturge (Deep Elf Wizard)         Turns: 6558, Time: 00:15:45

Health: -1/41      AC:  2    Str:  6    XL:     8   Next: 9%
Magic:  18/27      EV: 14    Int: 26    God:    Sif Muna [*.....]
Gold:   262        SH:  0    Dex: 13    Spells: 6 memorised, 11 levels left

rFire  . . .     SeeInvis .     n - +1 spear (venom)
rCold  . . .     Clarity  .     a - +0 robe
rNeg   . . .     SustAb   .     (no shield)
rPois  .         Gourm    .     b - +0 hat
rElec  .         Spirit   .     (no cloak)
rCorr  .         Warding  .     (no gloves)
rMut   .         Stasis   .     (no boots)
MR     .....                    (no amulet)
Stlth  +.........               (no ring)
                                A - +2 ring of strength

@: not resistant to hostile enchantments, very unstealthy
A: no striking features
a: Channel Energy, Renounce Religion


You were on level 6 of the Dungeon.
You worshipped Sif Muna.
Sif Muna was aware of your devotion.
You were not hungry.

You visited 2 branches of the dungeon, and saw 8 of its levels.

You collected 262 gold pieces.

Inventory:

Hand weapons
 n - a +1 spear of venom (weapon)
Armour
 a - a +0 robe (worn)
 b - a +0 hat (worn)
Magical staves
 t - an uncursed staff of earth
Jewellery
 A - a +2 ring of strength (left hand)
Magical devices
 h - a wand of teleportation (5)
Scrolls
 e - a scroll of fear
 f - 2 scrolls of identify
 l - a scroll of enchant weapon {unknown}
 m - a scroll of random uselessness {unknown}
 o - a scroll of immolation {unknown}
 p - a scroll of noise {unknown}
 r - a scroll of amnesia {unknown}
 s - a scroll of remove curse {unknown}
 x - a scroll of teleportation {unknown}
 y - 2 scrolls of magic mapping {unknown}
 B - a scroll of blinking {unknown}
Potions
 k - a potion of curing
 q - a potion of brilliance
 v - a potion of flight
 z - a potion of lignification {unknown}
Books
 c - a book of Minor Magic

   Spells                             Type                      Level
   a - Magic Dart                     Conjuration                  1
   b - Blink                          Translocation                2
   c - Call Imp                       Summoning                    2
   d - Repel Missiles                 Charms/Air                   2
   e - Slow                           Hexes                        2
   f - Conjure Flame                  Conjuration/Fire             3
   g - Mephitic Cloud                 Conjuration/Poison/Air       3
Comestibles
 d - 6 bread rations
 g - 2 slices of pizza
 i - 2 meat rations
 j - 8 fruits
 u - 2 chunks of flesh
 w - a royal jelly


   Skills:
 + Level 5.3 Dodging
 - Level 2.4 Stealth
 * Level 8.6 Spellcasting
 * Level 5.1 Conjurations
 - Level 1.1 Summonings
 - Level 2.8 Translocations
 * Level 2.5 Air Magic
 + Level 2.1 Poison Magic


You had 11 spell levels left.
You knew the following spells:

 Your Spells              Type           Power        Failure   Level  Hunger
a - Magic Dart            Conj           ####         1%          1    None
b - Conjure Flame         Conj/Fire      ###.....     8%          3    None
c - Call Imp              Summ           ###.....     6%          2    None
d - Blink                 Tloc           N/A          2%          2    None
e - Mephitic Cloud        Conj/Pois/Air  ####....     6%          3    None
f - Repel Missiles        Chrm/Air       ###...       6%          2    None


Dungeon Overview and Level Annotations

Branches:
Dungeon (7/15)             Temple (1/1) D:4

Altars:
Cheibriados
Elyvilon
Fedhas
Gozag
Kikubaaqudgha
Makhleb
Nemelex Xobeh
Okawaru
Qazlal
Ru
Sif Muna
Trog
Vehumet
Xom
Yredelemnul
Zin
The Shining One

Annotations:
D:2 1 runed door


Message History

Aiming: Magic Dart
Press: ? - help, Shift-Dir - straight line, f - electric eel
Aim: an electric eel The magic dart hits the electric eel.
The electric eel is moderately wounded.
The electric eel shoots out a bolt of lightning at you!
The bolt of electricity hits you!
* * * LOW HITPOINT WARNING * * *
Casting: Magic Dart
Confirm with . or Enter, or press ? or * to list all spells.
Aiming: Magic Dart
Press: ? - help, Shift-Dir - straight line, f/p - electric eel
Aim: an electric eel (moderately wounded)
Okay, then.
Unknown command.
Drink which item? (? for menu, Esc to quit)
Okay, then.
The electric eel shoots out a bolt of lightning at you!
The bolt of electricity hits you!
You die...

### P#≈≈##≈## P.##
#.#≈≈#≈≈≈# .#.#
####.#≈≈#≈≈≈# P#P###
.≈≈..P#≈≈≈≈≈≈# ...#.##
.≈≈≈≈.P#≈≈≈≈≈≈# #.....##
≈≈≈≈≈≈.#≈≈≈≈≈≈#
.#...#.##≈≈≈≈≈≈≈≈≈≈≈≈≈≈#
....P##.##;≈≈≈≈≈≈≈≈≈≈≈≈#
≈≈≈≈≈.#..##≈≈≈≈≈@≈≈#≈≈≈#
≈)≈≈≈≈.≈#.##≈≈≈≈≈≈≈#≈≈≈#
.≈≈≈.≈≈≈≈≈≈##≈≈≈≈≈##≈≈≈#
#≈≈≈#≈≈≈#.≈≈##≈≈####≈≈##
##.###.###.≈##≈# ##≈#
#...#...#....#######.##
.............###....##
.............'.'....#
.............#.'....#


You could see an electric eel.

Vanquished Creatures
  The ghost of MisterOstroum the Cutter, an average HECK of Xom (D:3)
  A phantom (D:5)
  2 centaurs (D:6)
  A scorpion (D:4)
  2 goliath beetles (D:6)
  An electric eel (D:6)
  6 crimson imps
  A hound (D:6)
  A gnoll shaman (D:4)
  2 orc wizards (D:4)
  An orc priest (D:5)
  2 worker ants (D:4)
  A worker ant zombie (D:5)
  7 adders
  3 gnolls (D:4)
  2 worms (D:4)
  5 giant geckos
  An ooze (D:1)
  9 orcs
  3 ball pythons
  5 bats
  A bat skeleton (D:6)
  A bat zombie (D:6)
  8 giant cockroaches
  5 goblins
  5 hobgoblins
  7 jackals
  12 kobolds
  2 quokkas
  3 giant newts
  A jackal skeleton (D:6)
  7 rats
109 creatures vanquished.

Vanquished Creatures (collateral kills)
  A worm (D:1)
  An orc (D:3)
2 creatures vanquished.

Grand Total: 111 creatures vanquished

Notes
Turn   | Place    | Note
--------------------------------------------------------------
     0 | D:1      | faibistes, the Deep Elf Wizard, began the quest for the Orb.
     0 | D:1      | Reached XP level 1. HP: 10/10 MP: 6/6
   213 | D:2      | Reached XP level 2. HP: 15/15 MP: 2/10
   293 | D:1      | Learned a level 2 spell: Blink
   296 | D:1      | Learned a level 2 spell: Call Imp
   888 | D:2      | Reached skill level 5 in Spellcasting
  1044 | D:2      | Reached XP level 3. HP: 19/19 MP: 7/14
  1049 | D:2      | Learned a level 3 spell: Conjure Flame
  1053 | D:2      | Learned a level 3 spell: Mephitic Cloud
  1513 | D:2      | Reached XP level 4. HP: 24/24 MP: 9/17
  1521 | D:2      | Learned a level 2 spell: Repel Missiles
  1692 | D:3      | Found a radiant altar of Vehumet.
  1829 | D:2      | Found a runed door.
  1829 | D:2      | Noticed a human
  1833 | D:2      | Found a basalt altar of Yredelemnul.
  2454 | D:3      | Noticed MisterOstroum's ghost (average HECK)
  2473 | D:3      | Killed MisterOstroum's ghost
  2473 | D:3      | Reached skill level 6 in Spellcasting
  2473 | D:3      | Reached XP level 5. HP: 7/28 MP: 8/20
  2745 | D:3      | Found an iron altar of Okawaru.
  2965 | D:4      | Reached XP level 6. HP: 32/32 MP: 10/22
  3092 | D:5      | Entered Level 5 of the Dungeon
  3173 | D:4      | Reached skill level 7 in Spellcasting
  3774 | D:4      | Found a staircase to the Ecumenical Temple.
  3790 | Temple   | Entered the Ecumenical Temple
  4017 | Temple   | Became a worshipper of Sif Muna the Loreminder
  4522 | D:5      | Reached XP level 7. HP: 36/36 MP: 4/25
  4786 | D:5      | Found a shimmering altar of Xom.
  4800 | D:5      | Reached skill level 1 in Air Magic
  4990 | D:5      | Found a white marble altar of Elyvilon.
  5197 | D:5      | Reached skill level 1 in Poison Magic
  5233 | D:5      | Reached skill level 8 in Spellcasting
  5801 | D:6      | Acquired Sif Muna's first power
  5801 | D:6      | Reached skill level 5 in Dodging
  6171 | D:6      | Reached skill level 5 in Conjurations
  6171 | D:6      | Reached XP level 8. HP: 41/41 MP: 15/27
  6558 | D:6      | Killed from afar by an electric eel

Action                   |  1- 3 |  4- 6 |  7- 9 || total
-------------------------+-------+-------+-------++-------
Melee: Unarmed           |     5 |     4 |       ||     9
       Spear             |       |    33 |     3 ||    36
 Cast: Magic Dart        |    74 |   109 |    98 ||   281
       Call Imp          |     3 |     2 |       ||     5
       Mephitic Cloud    |     2 |    10 |     8 ||    20
       Conjure Flame     |     1 |    13 |    15 ||    29
       Blink             |     1 |     2 |       ||     3
       Repel Missiles    |       |     1 |       ||     1
  Use: Scroll            |       |     2 |     3 ||     5
 Stab: Confused          |       |     1 |     1 ||     2
  Eat: Chunk             |     2 |     8 |     5 ||    15
       Fruit             |       |       |     2 ||     2
